Map: Zen LE

Players

prospeKt - Winner!

  • Race: Zerg Zerg
  • League: Platinum
  • Spawn Location: 7:00

VOD

Have the link to the VOD?

Description

Time

  • Played on: June 3, 2020, 5:56 a.m.
  • Length: 19:54
Show
View Real Time Build Order
Export as new Build Order

prospeKt Zerg - Winner!

Build Orders:  

Get SALT Encoding   

  12  0:01  Drone  
  13  0:17  Overlord  
  13  0:25  Drone  
  14  0:45  Drone  
  15  0:50  Drone  
  16  1:03  Drone  
  17  1:14  Hatchery  
  17  1:19  Drone  
  17  1:34  Drone  
  18  1:44  Spawning Pool  
  17  1:50  Drone  
  18  2:03  Drone  
  19  2:16  Extractor  
  19  2:18  Drone  
  19  2:37  Drone  
  20  2:48  Drone  
  21  2:55  Queen x2  
  21  2:58  Overlord  
  25  3:03  Drone  
  26  3:13  Drone  
  27  3:22  Drone  
  27  3:27  Drone  
  29  3:35  Drone  
  30  3:40  Drone  
  30  3:45  Queen  
  30  3:48  Overlord  
  33  3:55  Drone  
  34  4:04  Drone  
  35  4:11  Drone  
  35  4:16  Lair  
  36  4:20  Drone  
  36  4:27  Overlord  
  37  4:34  Overlord  
  37  4:36  Drone  
  37  4:37  Drone x3  
  37  4:39  Drone  
  42  4:48  Roach Warren  
  41  4:58  Extractor  
  41  4:59  Zergling x2  
  31  5:00  Zergling x4  
  41  5:01  Extractor  
  41  5:05  Zergling x2  
  39  5:12  Zergling x2  
  32  5:28  Queen  
  27  5:42  Drone x3  
  27  5:46  Drone  
  31  5:56  Queen  
  33  6:02  Drone x2  
  35  6:10  Drone  
  35  6:18  Drone  
  37  6:20  Drone x4  
  37  6:24  Glial Reconstitution  
  41  6:32  Drone  
  41  6:39  Drone  
  43  6:46  Drone  
  44  6:55  Drone  
  45  7:04  Drone x6  
  51  7:12  Hatchery  
  51  7:14  Overlord  
  51  7:15  Overlord  
  50  7:32  Evolution Chamber  
  50  7:33  Drone x2  
  51  7:43  Roach x3  
  51  7:44  Roach  
  51  7:47  Drone x2  
  51  7:48  Drone x2  
  63  7:59  Drone  
  64  8:06  Drone  
  65  8:19  Hatchery  
  64  8:26  Drone x5  
  69  8:34  Drone  
  69  8:35  Drone x2  
  72  8:40  Zerg Missile Weapons Level 1  
  72  8:49  Hydralisk Den, Drone x2  
  73  8:52  Evolution Chamber  
  73  8:55  Extractor  
  73  8:56  Drone  
  73  8:57  Drone  
  73  8:58  Drone  
  74  9:22  Drone  
  74  9:23  Drone x2  
  74  9:24  Overlord x3  
  74  9:25  Overlord x2  
  74  9:28  Drone  
  78  9:35  Zerg Ground Armor Level 1  
  78  9:40  Drone x2  
  80  9:57  Drone x8  
  88  10:14  Extractor  
  88  10:16  Spine Crawler, Extractor  
  85  10:20  Spine Crawler  
  85  10:23  Drone x5  
  85  10:24  Spine Crawler  
  88  10:30  Drone  
  88  10:32  Overlord  
  89  10:51  Drone x8  
  89  10:54  Overlord  
  89  10:56  Overlord  
  97  11:12  Spore Crawler  
  97  11:14  Unknown  
  96  11:22  Drone x5  
  96  11:23  Drone  
  96  11:27  Zerg Missile Weapons Level 2  
  102  11:34  Overlord x4  
  102  11:40  Hydralisk  
  102  11:41  Hydralisk  
  102  11:49  Hatchery, Hydralisk x5  
  115  12:22  Hydralisk  
  115  12:23  Hydralisk x8  
  115  12:27  Hydralisk  
  135  12:38  Extractor  
  135  12:39  Hatchery  
  133  12:44  Extractor  
  133  12:45  Hydralisk  
  133  12:46  Hydralisk x5  
  144  13:01  Zerg Ground Armor Level 2  
  144  13:10  Unknown  
  144  13:30  Spine Crawler  
  144  13:33  Spore Crawler  
  144  13:34  Drone x2  
  144  13:35  Drone  
  144  13:37  Hydralisk x2  
  144  13:38  Hydralisk x13  
  175  14:01  Hydralisk x6  
  187  14:12  Extractor  
  187  14:13  Extractor  
  185  14:34  Hydralisk x5  
  185  14:36  Overlord x4  
  195  14:42  Metabolic Boost  
  195  14:46  Drone  
  196  15:18  Hatchery, Drone x2  
  197  15:22  Hatchery  
  197  15:23  Hydralisk x2  
  184  15:40  Hydralisk x2  
  184  15:41  Hydralisk x6  
  184  15:42  Hydralisk x2  
  184  15:45  Unknown  
  195  15:58  Infestation Pit  
  183  16:04  Hydralisk x5  
  183  16:05  Hydralisk x10  
  199  16:19  Drone  
  198  16:55  Drone x2  
  196  17:20  Hydralisk x2  
  200  17:34  Hatchery  
  195  17:42  Drone, Hive  
  195  17:43  Drone  
  195  17:48  Hatchery  
  196  17:54  Spore Crawler  
  196  17:56  Drone x3, Spore Crawler  
  196  17:58  Spine Crawler  
  196  18:24  Hydralisk  
  196  18:25  Hydralisk  
  198  18:52  Hydralisk  
  198  18:56  Overseer  
  200  19:45  Spore Crawler  
Tags
 
League
Platinum
Matchup
Co-op
Add a new tag
Caveats
  • Supply blocks, unpowered buildings, or Contaminate may cause inaccurate times.
  • Supply counts are checked every 10 seconds.